 Dungeon Crawl Stone Soup version 0.29-a0-997-gf6f7e2dfe7 (webtiles) character file.

Game seed: 14634048994081468941

156 quixfox the Digger (level 5, 0/28 HPs)
             Began as a Gargoyle Earth Elementalist on Aug 4, 2022.
             Slain by an orc priest
             ... wielding a +0 hand axe
              (6 damage)
             ... on level 3 of the Dungeon.
             The game lasted 00:06:45 (2632 turns).

quixfox the Digger (Gargoyle Earth Elementalist)    Turns: 2632, Time: 00:06:46

Health: 0/28       AC:  7    Str: 12    XL:     5   Next: 37%
Magic:  1/10       EV: 15    Int: 17    God:
Gold:   217        SH:  0    Dex: 10    Spells: 4/10 levels left

rFire   . . .      SeeInvis .   e - +0 mace
rCold   . . .      Faith    .   (no shield)
rNeg    + . .      Spirit   .   a - +0 robe
rPois   ∞          Reflect  .   (no helmet)
rElec   +          Harm     .   (no cloak)
rCorr   .          Rampage  .   o - +0 pair of gloves
Will    .....                   (no boots)
Stlth   ++........              (no amulet)
HPRegen 0.09/turn               k - +4 ring of evasion
MPRegen 0.12/turn               (no ring)

@: no status effects
A: sickness immunity, AC +4, negative energy resistance 1, electricity
resistance, torment resistance 1, petrification resistance
a: no special abilities


You were on level 3 of the Dungeon.
You visited 1 branch of the dungeon, and saw 3 of its levels.

You collected 217 gold pieces.

Inventory:

Hand Weapons
 e - a +0 mace (weapon)
Armour
 a - a +0 robe (worn)
 o - a +0 pair of gloves (worn)
Jewellery
 k - a +4 ring of evasion (left hand)
Scrolls
 c - 4 scrolls of identify
 h - 2 scrolls of magic mapping
 l - a scroll of vulnerability {unknown}
Potions
 b - a potion of magic
 d - a potion of brilliance {unknown}
 g - a potion of heal wounds {unknown}
 i - a potion of mutation {unknown}
 j - 2 potions of curing {unknown}
 m - a potion of haste {unknown}
 n - a potion of cancellation {unknown}


   Skills:
 - Level 1.5 Dodging
 - Level 2.1 Stealth
 + Level 3.4 Spellcasting
 + Level 2.3 Conjurations
 - Level 0.7 Transmutations
 + Level 5.2 Earth Magic


You had 4 spell levels left.
You knew the following spells:

 Your Spells              Type           Power      Damage    Failure   Level
a - Sandblast             Erth           40%        2d10      1%          1
b - Passwall              Tmut/Erth      10%        N/A       8%          2
c - Stone Arrow           Conj/Erth      30%        3d8       11%         3

Your spell library contained the following spells:

 Spells                   Type           Power      Damage    Failure   Level
 Petrify                  Tmut/Erth      13%        N/A       43%         4
 Frozen Ramparts          Ice            4%         1d8       45%         3
 Inner Flame              Hex/Fire       2%         N/A       45%         3
 Ozocubu's Armour         Ice            2%         N/A       45%         3
 Ice Form                 Ice/Tmut       4%         N/A       82%         4
 Cause Fear               Hex            1%         N/A       86%         4
 Summon Ice Beast         Ice/Summ       2%         N/A       86%         4
 Metabolic Englaciation   Hex/Ice        1%         N/A       99%         5
 Simulacrum               Ice/Necr       1%         N/A       100%        6
 Discord                  Hex            1%         N/A       100%        8


Dungeon Overview and Level Annotations

Branches:
Dungeon (3/15)

Altars:
Cheibriados
Qazlal
Trog
Zin

Shops:
D:3 (


Innate Abilities, Weirdness & Mutations

You are immune to sickness and miasma.
Your stone body is resilient. (AC +4)
You are immune to poison.
You resist negative energy. (rN+)
You are resistant to electric shocks. (rElec)
You are resistant to unholy torment.
You are immune to petrification.


Message History

Aiming: Sandblast (safe; 1% risk of failure)
Press: ? - help, Q - select action, (/) - cycle Shift-Dir - straight line, f/p - orc priest
Aim: an orc priest, wielding a +0 hand axe and wearing a +0 chain mail (almost dead, 87% to hit)
The blast of sand hits the orc priest but does no damage.
The orc priest is almost dead.
The orc priest looks satisfied for a moment.
The orc hits you with a +0 dagger. x2
The orc priest hits you with a +0 hand axe.
Aiming: Sandblast (safe; 1% risk of failure)
Press: ? - help, Q - select action, (/) - cycle Shift-Dir - straight line, f/p - orc priest
Aim: an orc priest, wielding a +0 hand axe and wearing a +0 chain mail (almost dead, 87% to hit)
The blast of sand hits the orc priest but does no damage.
The orc priest is almost dead.
The orc priest miscasts a cantrip.
The orc completely misses you. The orc hits you with a +0 dagger.
* * * LOW HITPOINT WARNING * * *
The orc priest hits you but does no damage.
Aiming: Sandblast (safe; 1% risk of failure)
Press: ? - help, Q - select action, (/) - cycle Shift-Dir - straight line, f/p - orc priest
Aim: an orc priest, wielding a +0 hand axe and wearing a +0 chain mail (almost dead, 87% to hit)
The blast of sand hits the orc priest but does no damage.
The orc priest is almost dead.
The orc priest misses you. The orc barely misses you. x2
The orc priest casts a cantrip, but nothing happens.
Aiming: Sandblast (safe; 1% risk of failure)
Press: ? - help, Q - select action, (/) - cycle Shift-Dir - straight line, f/p - orc priest
Aim: an orc priest, wielding a +0 hand axe and wearing a +0 chain mail (almost dead, 87% to hit)
The blast of sand hits the orc priest but does no damage.
The orc priest is almost dead.
The orc priest closely misses you. The orc hits you with a +0 dagger.
* * * LOW HITPOINT WARNING * * *
The orc hits you but does no damage.
The orc priest hits you but does no damage.
Aiming: Sandblast (safe; 1% risk of failure)
Press: ? - help, Q - select action, (/) - cycle Shift-Dir - straight line, f/p - orc priest
Aim: an orc priest, wielding a +0 hand axe and wearing a +0 chain mail (almost dead, 87% to hit)
The blast of sand hits the orc priest but does no damage.
The orc priest is almost dead.
The orc priest hits you with a +0 hand axe.
You die...

# ##.# #..........# # #.#
###........# #
#.#####.##.#.#.### #
#..##............# #
##.##.#.##.......#
#.##.#.##.P._.P.#
######.##.#.##.......#
........#....#.oo#.#.#
......#.###..#.#@....##
......#..##..#.###.#..#
......+......#.# #.##.##
......##....##.#####...##
......###...##.#..#)....##
......# #...##o#.........#
......# #...##o#.....∩...#
......#
#...##.#.........########
......#
##...o.#..#.†..)#........


You could see an orc priest and an orc.

Vanquished Creatures
  An orc priest (D:3)
  4 gnolls (D:2)
  2 adders (D:2)
  3 dart slugs
  3 orcs (D:3)
  4 ball pythons
  4 endoplasms
  5 giant cockroaches
  6 goblins
  5 hobgoblins
  2 jackals (D:1)
  5 kobolds
  3 quokkas
  3 bats
  2 frilled lizards (D:2)
  4 rats (D:1)
56 creatures vanquished.

Vanquished Creatures (others)
  5 toadstools (D:2)
5 creatures vanquished.

Grand Total: 61 creatures vanquished

Notes
Turn   | Place    | Note
-------+----------+-------------------------------------------
     0 | D:1      | quixfox the Gargoyle Earth Elementalist began the quest for
                  | the Orb.
     0 | D:1      | Reached XP level 1. HP: 10/10 MP: 3/3
   123 | D:1      | Reached skill level 4 in Earth Magic
   123 | D:1      | Reached XP level 2. HP: 15/15 MP: 1/5
   759 | D:2      | Reached XP level 3. HP: 19/19 MP: 2/7
   809 | D:2      | Learned a level 2 spell: Passwall
   813 | D:2      | Learned a level 3 spell: Stone Arrow
  1110 | D:2      | Found a faded altar of an unknown god.
  1147 | D:2      | Reached skill level 1 in Conjurations
  1150 | D:2      | Reached XP level 4. HP: 18/24 MP: 3/8
  1924 | D:3      | Found Valu's Weapon Emporium.
  1934 | D:3      | Found a glowing silver altar of Zin.
  2082 | D:3      | Reached skill level 5 in Earth Magic
  2121 | D:3      | Reached XP level 5. HP: 28/28 MP: 4/10
  2490 | D:3      | Found a snail-covered altar of Cheibriados.
  2495 | D:3      | Found a bloodstained altar of Trog.
  2506 | D:3      | Found a stormy altar of Qazlal.
  2632 | D:3      | Slain by an orc priest

Illustrated notes

Levels and vault maps discovered:
D:1:      giann_horns, layout_basic
D:2:      layout_loops_corners, ebering_ecumenical_altar_abandoned,
          minmay_gold_behind_fungi
D:3:      layout_basic, mainiacjoe_overflow_tiny_flanked,
          minmay_overflow_temple_star_quad, serial_shops,
          nicolae_shop_bloodbath_and_beyond, serial_bayou_pond_e,
          solitary_fountain, minmay_misc_feat_diagonals, nicolae_hexahallways,
          minmay_shallow_snake_nest, uniq_sigmund

Skill      XL: |  1  2  3  4 |
---------------+-------------+-----
Earth Magic    | 4 5 |  5.2
Conjurations   | 1 2 |  2.3
Spellcasting   | 3 |  3.4
Dodging        | |  1.5
Stealth        | |  2.1
Transmutations | |  0.7

Action                   |  1- 3 |  4- 6 || total
-------------------------+-------+-------++-------
Melee: Mace              |       |     1 ||     1
 Cast: Sandblast         |    43 |    49 ||    92
  Use: Scroll            |       |     2 ||     2
Armor: Robe              |     6 |    10 ||    16
Dodge: Dodged            |     9 |    30 ||    39

Table legend: (Time is in decaauts)
 A = Elapsed time spent in this place.
 B = Non-inter-level travel time spent in this place.
 C = Inter-level travel time spent in this place.
 D = Time resting spent in this place.
 E = Time spent auto-exploring this place.
 F = Levels seen in this place.
 G = Mean time per level.
                   A        B        C        D        E       F      G
               +--------+--------+--------+--------+--------+-----+--------+
         Total |   2721 |   2683 |     38 |    457 |   1736 |   3 |  907.0 |
       Dungeon |   2721 |   2683 |     38 |    457 |   1736 |   3 |  907.0 |
               +--------+--------+--------+--------+--------+-----+--------+

Top non-repeatable levels by time:
     D:2: 1183 daAuts
     D:3: 805 daAuts
     D:1: 732 daAuts
